Map: Submarino EE

Players

hebrewhammer - Winner!

  • Race: Terran Terran
  • League: Silver
  • Spawn Location: 11:00

MrFercho

  • Race: Zerg Zerg
  • League: Silver
  • Spawn Location: 5:00

VOD

Have the link to the VOD?

Description

Time

  • Played on: July 4, 2020, 8:47 p.m.
  • Length: 30:14
Show
View Real Time Build Order
Export as new Build Order

hebrewhammer Terran - Winner!

Build Orders:  

Get SALT Encoding   

  12  0:01  SCV  
  13  0:13  Supply Depot  
  13  0:18  SCV  
  14  0:30  SCV  
  15  0:37  Barracks  
  15  0:42  SCV  
  16  0:55  SCV  
  17  1:04  Supply Depot  
  17  1:05  Refinery  
  17  1:07  SCV  
  18  1:13  Refinery  
  18  1:19  SCV  
  19  1:26  Marine  
  19  1:31  SCV  
  21  1:50  Command Center  
  21  1:54  Marine  
  21  1:58  SCV  
  23  2:10  SCV  
  24  2:16  Factory  
  24  2:22  SCV  
  25  2:26  Barracks Tech Lab  
  25  2:34  SCV  
  26  2:47  SCV  
  26  2:48  Barracks  
  26  2:49  Combat Shield  
  26  3:16  Orbital Command  
  26  3:20  Bunker, Orbital Command  
  26  3:21  Factory Tech Lab  
  26  3:29  Marine  
  27  3:40  Barracks Reactor  
  27  3:47  Siege Tank  
  30  3:49  Marine  
  30  3:53  SCV  
  32  4:04  Starport  
  32  4:16  SCV  
  33  4:23  SCV  
  34  4:28  Siege Tank, SCV  
  38  4:34  Engineering Bay  
  38  4:35  SCV  
  38  4:38  Marine x3  
  41  4:40  SCV  
  43  4:48  SCV  
  43  4:52  SCV  
  45  4:53  Starport Tech Lab  
  45  5:00  SCV  
  45  5:02  Supply Depot, Starport  
  45  5:05  Terran Infantry Weapons Level 1  
  46  5:14  Refinery  
  46  5:16  Refinery  
  46  5:24  SCV x2  
  46  5:25  Missile Turret  
  46  5:26  Supply Depot  
  48  5:36  SCV  
  48  5:39  Stimpack  
  48  5:40  Marine x2  
  48  5:41  Marine  
  52  5:47  Starport Reactor  
  52  5:48  Cloaking Field, SCV  
  52  5:49  Supply Depot  
  53  5:55  Banshee  
  56  5:58  Marine x3  
  56  6:00  SCV  
  60  6:12  SCV  
  60  6:16  Marine x3  
  64  6:24  SCV  
  63  6:34  Marine x3  
  63  6:35  SCV  
  63  6:36  SCV  
  68  6:42  Supply Depot  
  68  6:48  SCV x2  
  68  6:50  Armory  
  70  6:59  Terran Infantry Armor Level 1  
  70  7:03  Marine x3  
  70  7:04  Siege Tank, SCV  
  70  7:05  Supply Depot  
  77  7:21  Marine  
  78  7:26  Marine x2, Banshee  
  78  7:28  Supply Depot  
  83  7:36  Siege Tank  
  86  7:39  Supply Depot  
  86  7:40  Command Center  
  86  7:42  Marine  
  86  7:50  Viking x2, Marine x2  
  92  7:52  Terran Vehicle Weapons Level 1  
  92  8:00  Marine  
  93  8:08  Siege Tank  
  93  8:09  Banshee  
  99  8:14  Supply Depot  
  99  8:21  Supply Depot  
  99  8:39  Supply Depot  
  99  8:44  Supply Depot  
  99  8:52  Banshee  
  99  8:53  Terran Infantry Weapons Level 2  
  102  9:12  Supply Depot  
  102  9:15  Command Center  
  102  9:32  Supply Depot  
  102  9:35  Banshee  
  105  9:45  Supply Depot  
  105  9:47  Terran Vehicle And Ship Armor Level 1  
  105  9:55  Supply Depot  
  105  10:07  Supply Depot  
  105  10:17  Banshee  
  107  10:21  Starport  
  107  10:24  Starport  
  107  10:25  Supply Depot  
  107  10:34  Planetary Fortress  
  107  10:37  Missile Turret  
  107  10:42  Supply Depot  
  107  11:00  Banshee  
  107  11:01  Refinery  
  110  11:06  Refinery  
  110  11:08  Terran Infantry Armor Level 2  
  110  11:15  Starport Tech Lab x2  
  110  11:41  Terran Ship Weapons Level 1  
  110  11:43  Banshee  
  110  11:44  Banshee  
  119  12:18  Medivac x2  
  120  12:22  Banshee  
  120  12:26  Banshee  
  120  12:27  Banshee  
  129  12:52  Siege Tank  
  132  13:05  Banshee  
  132  13:09  Banshee  
  132  13:10  Banshee  
  141  13:24  Terran Infantry Weapons Level 3, Siege Tank  
  144  13:35  Terran Vehicle Weapons Level 2  
  144  13:39  Marine x3  
  147  13:51  Banshee x2  
  147  13:52  Banshee  
  155  13:56  Marine, Siege Tank  
  155  13:57  Marine x2  
  161  14:14  Marine x3  
  164  14:28  Siege Tank  
  167  14:32  Marine x3  
  167  14:34  Banshee x2  
  176  14:50  Marine  
  147  15:31  Marine x2  
  147  15:32  Marine  
  147  15:49  Marine x3  
  149  15:50  Terran Vehicle And Ship Armor Level 2  
  150  16:01  Hi-Sec Auto Tracking  
  150  16:07  Marine x3  
  150  16:10  Command Center  
  149  16:16  Barracks  
  146  16:20  Command Center  
  146  16:23  Barracks  
  146  16:25  Marine x3  
  131  16:43  Marine  
  131  16:58  Neosteel Armor  
  110  17:16  Barracks Reactor  
  110  17:18  Marine x3  
  110  17:24  Planetary Fortress  
  110  17:27  Missile Turret  
  110  17:32  Planetary Fortress  
  110  17:35  Missile Turret  
  110  17:36  Marine x3  
  113  17:38  Barracks  
  113  17:40  Marine  
  114  17:54  Marine x3  
  114  17:58  Marine  
  118  18:06  Terran Ship Weapons Level 2  
  118  18:07  Raven  
  118  18:11  Marine x2  
  118  18:12  Marine  
  123  18:15  Marine  
  124  18:29  Marine x3  
  124  18:33  Marine  
  128  18:39  Terran Infantry Armor Level 3  
  128  18:47  Marine  
  126  18:51  Marine  
  126  19:14  Refinery  
  123  19:47  SCV  
  124  19:59  SCV  
  123  20:09  Barracks Reactor  
  123  20:11  SCV  
  124  20:14  Marine x5  
  124  20:17  Barracks Reactor  
  124  20:21  Medivac x2  
  133  20:22  Terran Vehicle Weapons Level 3  
  133  20:23  SCV  
  133  20:25  Siege Tank  
  133  20:28  Refinery  
  137  20:32  Marine x5, Refinery  
  142  20:36  Refinery, SCV  
  143  20:49  Marine  
  143  20:50  Marine x4  
  143  20:51  Medivac x2  
  152  20:57  Siege Tank  
  155  21:07  Marine x2  
  155  21:08  Marine x3  
  151  21:21  Medivac  
  153  21:29  Siege Tank  
  156  22:02  Siege Tank  
  138  22:34  Siege Tank  
  141  23:06  Marine x2  
  141  23:11  Viking  
  141  23:12  Viking x2  
  149  23:15  Marine x2  
  151  23:24  Marine x2  
  152  23:33  Marine x2  
  154  23:42  Marine x2  
  156  23:49  SCV  
  156  23:50  Marine  
  156  23:51  Marine  
  159  24:00  Marine  
  159  24:01  SCV  
  161  24:08  Marine x2  
  144  24:13  SCV  
  139  24:23  Command Center  
  139  24:25  SCV  
  140  24:37  SCV  
  140  25:01  Terran Vehicle And Ship Armor Level 3  
  140  25:03  Marine x2  
  140  25:05  Marine x2  
  140  25:06  Marine x5  
  149  25:21  Marine x2  
  147  25:23  Marine x3  
  147  25:24  Marine x4  
  150  25:38  Marine  
  150  25:39  Marine  
  150  25:41  Marine x5  
  150  25:42  Marine x2  
  135  25:56  Marine x2  
  137  25:59  Marine x6  
  137  26:00  Marine  
  144  26:04  Banshee x2  
  144  26:09  Raven  
  152  26:14  Planetary Fortress  
  152  26:17  Marine  
  153  26:19  Missile Turret  
  153  26:40  Missile Turret  
  153  26:47  Banshee x2  
  153  26:52  Raven  
  136  27:30  Banshee x2  
  139  28:13  Banshee x2  
  139  28:18  Marine x5  
  139  28:19  Marine x2  
  152  28:36  Marine x6  
  152  28:37  Marine  
  156  28:54  Marine x7  
  160  28:55  Banshee  
  160  28:59  Viking x2  
  167  29:11  Marine  
  167  29:12  Marine x5  
  170  29:29  Viking x2  
Show
View Real Time Build Order
Export as new Build Order

MrFercho Zerg 

Build Orders: Hatch First 

Get SALT Encoding   

  12  0:01  Drone  
  13  0:15  Overlord  
  13  0:16  Drone  
  14  0:33  Drone  
  14  0:34  Drone  
  16  0:51  Hatchery  
  16  0:52  Drone  
  16  1:01  Drone  
  16  1:02  Drone  
  18  1:14  Spawning Pool  
  18  1:17  Drone  
  18  1:21  Drone  
  19  1:27  Extractor  
  19  1:31  Drone  
  19  1:41  Drone  
  20  1:57  Drone  
  21  2:02  Drone  
  21  2:04  Queen  
  21  2:05  Queen  
  21  2:07  Overlord  
  26  2:13  Drone x2  
  28  2:30  Drone x2  
  28  2:35  Drone x2  
  32  2:43  Queen  
  34  2:46  Lair  
  34  2:48  Drone x2  
  36  2:57  Overlord  
  36  3:06  Overlord  
  36  3:11  Roach Warren  
  35  3:28  Drone  
  35  3:29  Drone x6  
  42  3:51  Evolution Chamber  
  41  3:59  Overlord x3  
  41  4:08  Glial Reconstitution  
  41  4:09  Evolution Chamber  
  40  4:21  Hydralisk Den  
  39  4:28  Zerg Missile Weapons Level 1  
  39  4:31  Drone x5  
  41  4:35  Extractor  
  41  4:37  Extractor  
  42  4:49  Roach x3  
  48  5:06  Drone x5  
  53  5:24  Overlord x3  
  53  5:27  Drone x2  
  55  5:42  Hatchery  
  54  5:54  Zergling x4  
  56  5:58  Roach x5  
  66  6:07  Drone x2  
  70  6:16  Overlord  
  70  6:18  Hydralisk  
  70  7:05  Muscular Augments  
  69  7:11  Zerg Missile Weapons Level 2  
  69  7:12  Zerg Ground Armor Level 1  
  69  7:14  Overseer  
  69  7:15  Overseer  
  69  7:24  Drone x16  
  69  7:25  Drone  
  86  7:41  Infestation Pit  
  85  7:44  Lurker Den  
  84  8:06  Hydralisk x7  
  84  8:08  Overlord x3  
  84  8:09  Overlord  
  98  8:16  Grooved Spines  
  98  8:44  Spine Crawler  
  98  8:45  Spine Crawler  
  98  8:47  Hive  
  96  8:51  Spore Crawler  
  96  8:54  Spire  
  94  8:59  Spore Crawler  
  94  9:02  Spine Crawler  
  92  9:10  Spine Crawler  
  92  9:16  Hatchery  
  90  9:17  Overlord  
  90  9:18  Overlord x6  
  90  9:19  Hatchery, Overlord  
  90  9:21  Hydralisk x8  
  105  9:29  Extractor  
  105  9:30  Hydralisk  
  106  9:42  Extractor  
  106  9:43  Extractor  
  106  9:44  Drone x3  
  106  9:45  Drone x7  
  114  10:03  Hatchery  
  113  10:25  Hydralisk x8  
  113  10:26  Hydralisk  
  131  11:15  Zerg Missile Weapons Level 3  
  131  11:16  Zerg Ground Armor Level 2  
  131  11:24  Drone x3  
  134  11:28  Drone  
  134  11:29  Drone x14  
  149  12:06  Extractor  
  149  12:07  Extractor  
  147  12:16  Hatchery  
  147  12:20  Hydralisk x3  
  147  12:21  Hydralisk x18  
  188  12:34  Metabolic Boost  
  187  13:26  Drone x6  
  194  13:27  Drone x3  
  194  13:28  Drone x3  
  195  14:37  Overseer  
  189  14:41  Hydralisk x6  
  200  14:48  Overseer  
  200  14:50  Overseer  
  199  14:53  Overseer  
  197  15:01  Spire  
  197  15:03  Spawning Pool  
  186  15:41  Drone x15  
  200  15:47  Hatchery  
  196  15:50  Spore Crawler  
  196  15:52  Spore Crawler  
  133  16:33  Lair  
  83  17:01  Mutalisk  
  83  17:36  Spire  
  82  17:55  Extractor  
  82  17:56  Hatchery  
  82  17:58  Hatchery  
  79  18:00  Extractor, Hatchery  
  77  18:47  Mutalisk x4  
  77  18:48  Mutalisk x18  
  101  19:18  Hydralisk  
  101  19:19  Hydralisk x8  
  119  19:35  Hydralisk x7  
  89  19:43  Zerg Flyer Weapons Level 1  
  71  20:11  Drone  
  71  20:12  Drone x2  
  74  20:18  Lurker Den  
  74  20:20  Extractor  
  72  20:22  Extractor, Zergling x18  
  80  20:36  Lair  
  80  20:41  Infestation Pit  
  70  21:08  Hydralisk  
  70  21:09  Hydralisk x20  
  98  21:36  Drone x9  
  98  21:37  Drone x5  
  112  21:45  Hive  
  112  21:51  Extractor  
  112  21:53  Extractor  
  99  22:15  Hydralisk x10  
  63  22:16  Hydralisk x8  
  91  22:34  Lurker Den  
  89  22:56  Lurker Den  
  88  23:00  Greater Spire  
  88  23:03  Hydralisk  
  88  23:04  Hydralisk x16  
  122  23:35  Lurker  
  122  23:36  Lurker x4  
  122  23:37  Lurker  
  100  24:20  Hydralisk x12  
  100  24:21  Hydralisk x3  
  94  24:45  Seismic Spines  
  94  24:47  Hydralisk  
  96  24:57  Zergling x2  
  96  24:58  Zergling x26  
  110  25:01  Zerg Melee Weapons Level 1  
  88  25:42  Adaptive Talons  
  56  25:46  Hydralisk x7  
  58  26:01  Hydralisk x2  
  58  26:04  Zergling x14  
  58  26:05  Zergling x8  
  69  26:25  Zergling x16  
  77  26:37  Corruptor  
  77  26:38  Corruptor x2  
  64  27:24  Hydralisk x6  
  70  27:51  Brood Lord  
  58  28:24  Zergling x30  
  58  28:25  Zergling x12  
  70  28:47  Brood Lord x2  
Tags
 
Matchup
TvZ
Replay Pack
MrFercho
Spawn Locations
Cross Positions
Add a new tag
Caveats
  • Supply blocks, unpowered buildings, or Contaminate may cause inaccurate times.
  • Supply counts are checked every 10 seconds.